AoeStats
← IBlink182

Nomad

508353672Analyzed
2v2 RM · 9d ago on Sep 22, 2026· 18m 54s· 4 players
Game mode
Random Map
Map size
176×176
Population
200
Speed
Normal
Resources
Standard
Victory
Conquest
Starting age
Dark Age
Ending age
Imperial Age
RankedLock teamsTeams togetherTeam positionsShared explorationLock speedFull tech treeHidden civsTurbo modeCheats
Victory
Defeat
🇺🇸 Vietnamese · United States
730
+14
🇵🇪 Teutons · Peru
704
+15
🇹🇷 Huns · Türkiye
689
-15
🇲🇽 Japanese · Mexico
676
-14
AKANZİ
4:06 Loom
Itacate
5:17 Loom
16:13 Feudal Age
sheepfor2rocks
9:02 Loom
10:19 Loom
13:36 Feudal Age
17:09 Scale Barding Armor
17:21 Double-Bit Axe
17:18 Horse Collar
19:35 Wheelbarrow
IBlink182
16:19 Feudal Age
17:01 Town Watch
18:48 Horse Collar
Connection lost

Rejoining the realm…

Still unreachable

The connection could not be restored.

Session expired

The server has moved on; the page needs a fresh start.